 Dungeon Crawl Stone Soup version 0.30-a0-782-ge64f9170bb (webtiles) character file.

Game seed: 1138947034333379088

19 Flugslaktarn the Covered (level 2, 27/27 HPs)
             Began as a Minotaur Fighter on Feb 18, 2023.
             Quit the game on level 1 of the Dungeon.
             The game lasted 00:00:47 (384 turns).

Flugslaktarn the Covered (Minotaur Fighter)          Turns: 384, Time: 00:00:48

Health: 27/27      AC:  7    Str: 20    XL:     2   Next: 55%
Magic:  1/1        EV:  9    Int:  5    God:
Gold:   20         SH:  4    Dex:  9    Spells: 1/1 levels left

rFire   . . .      SeeInvis .    a - +0 war axe
rCold   . . .      Faith    .    c - +0 buckler
rNeg    . . .      Spirit   .    b - +0 scale mail
rPois   .          Reflect  .    (helmet restricted)
rElec   .          Harm     .    (no cloak)
rCorr   .          Rampage  .    (no gloves)
Will    .....                    (no boots) Stlth
                                 (no amulet)
HPRegen 0.24/turn                (no ring)
MPRegen 0.07/turn                (no ring)

@: no status effects
A: horns 2, retaliatory headbutt
a: no special abilities


You were on level 1 of the Dungeon.
You visited 1 branch of the dungeon, and saw 1 of its levels.

You collected 20 gold pieces.

Inventory:

Hand Weapons
 a - a +0 war axe (weapon)
 j - a +8 dagger of electrocution
   (You took it off a kobold on level 1 of the Dungeon)
Armour
 b - a +0 scale mail (worn)
 c - a +0 buckler (worn)
Scrolls
 f - a scroll of enchant armour {unknown}
 h - a scroll of noise {unknown}
 i - a scroll of silence {unknown}
Potions
 d - a potion of might
 e - a potion of brilliance {unknown}
 g - a potion of flight {unknown}


   Skills:
 + Level 3.9 Fighting
 * Level 3.1 Axes
 + Level 3.9 Armour
 + Level 3.9 Shields


You had one spell level left.
You didn't know any spells.
Your spell library was empty.

Dungeon Overview and Level Annotations

Branches:
Dungeon (1/15)

Altars:


Innate Abilities, Weirdness & Mutations

You have a pair of horns on your head.
You reflexively headbutt those who attack you in melee.


Message History

The jackal bites you.
You slash the jackal!
You kill the jackal!
No target in view!
No target in view!
No target in view!
A jackal comes into view.
A jackal is nearby!
A jackal is nearby!
The jackal bites you but does no damage.
You hit the jackal.
The jackal is severely wounded.
The jackal bites you but does no damage.
The jackal barely misses you.
You slash the jackal!
You kill the jackal!
No target in view!
No target in view!
No target in view! 2 jackals come into view.
Found a stone staircase leading down.
The jackal barks!
You see here a jackal corpse.
There are monsters nearby!
There are monsters nearby!
You slash the jackal!
You kill the jackal!
You closely miss the jackal. The jackal barely misses you.
The jackal closely misses you.
You barely miss the jackal.
The jackal bites you but does no damage.
The jackal bites you.
You closely miss the jackal. The jackal bites you.
The jackal closely misses you.
You slash the jackal!
You kill the jackal!
Your Axes skill increases to level 3!
No target in view!
You now have 17 gold pieces (gained 5).
A kobold, a rat, a giant cockroach and an endoplasm come into view.
The kobold is wielding a +8 dagger of electrocution.
The kobold shouts!
The giant cockroach moves out of view.
The endoplasm moves out of view.
There are monsters nearby!
There are monsters nearby!
The kobold hits you with a +8 dagger of electrocution.
You are electrocuted!
Ouch! That really hurt!
You are too injured to fight recklessly!
You are too injured to fight recklessly!
You are too injured to fight recklessly!
You are too injured to fight recklessly!
You are too injured to fight recklessly!
You are too injured to fight recklessly!
You are too injured to fight recklessly!
You are too injured to fight recklessly!
You are too injured to fight recklessly!
Unknown command.
You barely miss the kobold. You headbutt the kobold.
You kill the kobold!
You slash the endoplasm!
You kill the endoplasm!
You closely miss the rat. You block the rat's attack.
You hit the giant cockroach.
You kill the giant cockroach!
You hit the rat.
You kill the rat!
Things that are here:
a +8 dagger of electrocution; a rat corpse No target in view!
Found 3 gold pieces.
No target in view!
Things that are here:
a +8 dagger of electrocution; a rat corpse You now have 20 gold pieces (gained 3).
i - a scroll labelled GEAS IQ WEMYSU You open the door.
There is an open door here.
You open the door. You open the door.
There is an open door here.
Found 7 stones.
A goblin comes into view. It is wielding a +0 club.
Found a dagger.
The goblin shouts!
A goblin is nearby!
You closely miss the goblin. The goblin hits you with a +0 club.
You hit the goblin but do no damage. The goblin closely misses you.
You slash the goblin!
You kill the goblin!
No target in view!
No target in view!
No target in view!
Things that are here:
a +8 dagger of electrocution; a rat corpse
j - a +8 dagger of electrocution Save game and exit?
Welcome back, Flugslaktarn the Minotaur Fighter.
Press ? for a list of commands and other information.
Are you sure you want to abandon this character and quit the game? (Confirm with "yes".)

##.###....#..###.####.#
##.####.##†.........#.#
........#....##..##.#.#
#............##..##.#.#
#............##..##.#.#
#........######..##.#.#
......................#
.........######..######
.####.....# #.@#
.........######..#######
........................
..#..#.#..####....##.###
..#.##.#..........#
..................#
....####........#.#
....# #........#.#
...#####........#.#


There were no monsters in sight!

Vanquished Creatures
  An endoplasm (D:1)
  A giant cockroach (D:1)
  A hobgoblin (D:1)
  4 jackals (D:1)
  A quokka (D:1)
  4 ball pythons (D:1)
  2 bats (D:1)
  2 goblins (D:1)
  A kobold (D:1)
  2 rats (D:1)
19 creatures vanquished.

Notes
Turn   | Place    | Note
-------+----------+-------------------------------------------
     0 | D:1      | Flugslaktarn the Minotaur Fighter began the quest for the
                  | Orb.
     0 | D:1      | Reached XP level 1. HP: 19/19 MP: 0/0
   151 | D:1      | Reached XP level 2. HP: 26/27 MP: 1/1
   384 | D:1      | Quit the game

Illustrated notes

Levels and vault maps discovered:
D:1:      lemuel_arrival_rhombus, layout_basic

Skill      XL: |  1  2 |
---------------+-------+-----
Axes           | 3 |  3.1
Fighting       | |  3.9
Armour         | |  3.9
Shields        | |  3.9

Action                     || total
---------------------------++-------
  Melee: War axe           ||    38
         Headbutt          ||     3
 Armour: Scale mail        ||    11
  Dodge: Dodged            ||    27
  Block: Buckler           ||     4

Table legend: (Time is in decaauts)
 A = Elapsed time spent in this place.
 B = Non-inter-level travel time spent in this place.
 C = Inter-level travel time spent in this place.
 D = Time resting spent in this place.
 E = Time spent auto-exploring this place.
 F = Levels seen in this place.
 G = Mean time per level.
                   A        B        C        D        E       F      G
               +--------+--------+--------+--------+--------+-----+--------+
         Total |    399 |    384 |     15 |      0 |    290 |   1 |  399.0 |
       Dungeon |    399 |    384 |     15 |      0 |    290 |   1 |  399.0 |
               +--------+--------+--------+--------+--------+-----+--------+

Top non-repeatable levels by time:
     D:1: 399 daAuts
